 Dungeon Crawl Stone Soup version 0.21.1-1-g345015fe64 (webtiles) character file.

97279 DildoBatman the Bewitcher (level 16, -2/122 HPs)
             Began as a Formicid Enchanter on Feb 20, 2018.
             Was a High Priest of Sif Muna.
             Slain by Donald
             ... wielding a +3 long sword of freezing
              (4 damage)
             ... on level 2 of the Orcish Mines.
             The game lasted 03:02:59 (30012 turns).

DildoBatman the Bewitcher (Formicid Enchanter)     Turns: 30012, Time: 03:03:00

Health: -2/122     AC: 18    Str: 22    XL:     16   Next: 69%
Magic:  17/29      EV: 13    Int: 22    God:    Sif Muna [*****.]
Gold:   2508       SH: 18    Dex: 15    Spells: 10/33 levels left

rFire    x . .     SeeInvis +   I - +2 long sword (elec)
rCold    + . .     Gourm    .   D - +6 shield of Vampiric Thralls {Dex+4}
rNeg     . . .     Faith    .   p - +6 scale mail of Diacwono {MR+ Str+4}
rPois    .         Spirit   .   (helmet unavailable)
rElec    .         Reflect  .   w - +0 cloak
rCorr    .         Harm     .   k - +0 pair of gloves
MR       ++...                  W - +0 pair of boots "Exuidesu" {Regen+}
Stlth    +++.......             (no amulet)
HPRegen  0.70/turn              y - ring of ice
MPRegen  0.21/turn              N - +5 ring of intelligence

@: very slightly contaminated, drained, invisible
A: permanent stasis, dig shafts and tunnels, four strong arms, antennae 3
a: Dig, Shaft Self, Divine Energy, Channel Magic, Forget Spell, Renounce
Religion


You were on level 2 of the Orcish Mines.
You worshipped Sif Muna.
Sif Muna was extremely pleased with you.
You were not hungry.

You visited 4 branches of the dungeon, and saw 24 of its levels.
You also visited: Labyrinth and Volcano.

You collected 2508 gold pieces.

Inventory:

Hand Weapons
 a - a +4 quarterstaff of crushing
 b - a +2 dire flail of draining
 c - the +9 heavy crossbow "Sniper" {velocity, Acc+∞ SInv}
   (You found it in a labyrinth)

   Any bolt fired from it inflicts extra damage.
   It lets you see invisible.
 d - the +7 arbalest of Red Wine {elec, rF+ rC+ MP+9 Int-3}
   (You found it on level 13 of the Dungeon)

   It charges the ammunition it shoots with electricity; occasionally upon a
   hit, such missiles may discharge and cause terrible harm.
   It affects your intelligence (-3).
   It protects you from fire.
   It protects you from cold.
   It affects your magic capacity (+9).
 f - a +2 war axe of flaming
 g - a +4 dagger of venom
 C - a +3 trident of freezing
 I - a +2 long sword of electrocution (weapon)
Missiles
 j - 277 bolts
Armour
 e - a +1 chain mail of cold resistance
 k - a +0 pair of gloves (worn)
 o - a +0 troll leather armour
 p - the +6 scale mail of Diacwono (worn) {MR+ Str+4}
   (You found it in a labyrinth)

   It affects your strength (+4).
   It affects your resistance to hostile enchantments.
 w - a +0 cloak (worn)
 D - the +6 shield of Vampiric Thralls (worn) {Dex+4}
   (You found it on level 7 of the Dungeon)

   It affects your dexterity (+4).
 J - a +3 chain mail
 W - the +0 pair of boots "Exuidesu" (worn) {Regen+}
   (You found it in a labyrinth)

   It increases your rate of regeneration.
Jewellery
 q - an uncursed ring of magical power
 r - an uncursed ring of stealth
 y - a ring of ice (left hand)
 B - an uncursed ring of protection from fire
 E - an uncursed ring of protection from magic
 F - an uncursed ring of fire
 K - an uncursed ring of flight
 N - a +5 ring of intelligence (right hand)
 T - an uncursed ring of protection from magic
Wands
 m - a wand of flame (29)
Scrolls
 h - 5 scrolls of magic mapping
 l - a scroll of blinking {unknown}
 n - 8 scrolls of identify
 u - 2 scrolls of noise
 x - 9 scrolls of remove curse
 L - a scroll of enchant armour {unknown}
 M - a scroll of vulnerability {unknown}
Potions
 i - 2 potions of lignification
 t - 3 potions of heal wounds
 G - 4 potions of curing
Books
 s - a book of Clouds

   Spells                             Type                      Level
   a - Poisonous Vapours              Poison/Air                   2
   b - Mephitic Cloud                 Conjuration/Poison/Air       3
   c - Conjure Flame                  Conjuration/Fire             3
   d - Freezing Cloud                 Conjuration/Ice/Air          6
   e - Ring of Flames                 Charms/Fire                  7
 H - a book of Beasts

   Spells                             Type                      Level
   a - Summon Butterflies             Summoning                    1
   b - Call Canine Familiar           Summoning                    3
   c - Summon Ice Beast               Ice/Summoning                4
   d - Summon Mana Viper              Hexes/Summoning              5
   e - Summon Hydra                   Summoning                    7
Miscellaneous
 z - a lightning rod (4/4)
 V - a fan of gales
Comestibles
 v - 42 rations
 A - 8 chunks of flesh


   Skills:
 * Level 10.1(9.5) Fighting
 - Level 1.0(0.5) Short Blades
 * Level 6.6(6.1) Crossbows
 * Level 8.5(8.0) Armour
 - Level 5.1(4.6) Dodging
 * Level 10.1(9.5) Stealth
 - Level 10.0(9.4) Shields
 * Level 9.1(8.6) Spellcasting
 - Level 20.0(19.3) Hexes
 * Level 6.4(5.9) Charms
 * Level 4.2(3.7) Air Magic
 * Level 4.6(4.1) Evocations


You had 10 spell levels left.
You knew the following spells:

 Your Spells              Type           Power        Failure   Level  Hunger
a - Slow                  Hex            #######.     0%          2    None
b - Confuse               Hex            #######.     0%          3    None
c - Spectral Weapon       Hex/Chrm       ######..     1%          3    None
f - Corona                Hex            #######      0%          1    None
g - Portal Projectile     Hex/Tloc       ######       1%          3    None
i - Invisibility          Hex            #######.     1%          6    ######.
j - Silence               Hex/Air        ######....   3%          5    #####..


Dungeon Overview and Level Annotations

Branches:
Dungeon (15/15)            Temple (1/1) D:4            Lair (6/6) D:9
 Shoals (0/4) Lair:3        Snake (0/4) Lair:4        Slime (0/5) Lair:5
    Orc (2/2) D:10         Vaults (0/5) D:14         Depths (0/5) D:15
    Elf: Orc:2

Altars:
Ashenzari
Cheibriados
Dithmenos
Elyvilon
Fedhas
Gozag
Hepliaklqana
Kikubaaqudgha
Makhleb
Nemelex Xobeh
Okawaru
Qazlal
Ru
Sif Muna
Trog
Uskayaw
Vehumet
Wu Jian
Xom
Yredelemnul
Zin
The Shining One

Shops:
D:5 [   D:15 *   Orc:2 [

Annotations:
D:9 1 runed door, exclusion: 2 angels
Orc:2 Donald


Innate Abilities, Weirdness & Mutations

You cannot be hasted, slowed, berserked, paralysed or teleported.
You can dig through walls and to a lower floor.
Your four strong arms can wield two-handed weapons with a shield.
You have a pair of large antennae on your head. (SInv)


Message History

Donald closely misses your spectral weapon.
Donald hits your spectral weapon with a long sword of freezing!!
Your spectral weapon shares its damage with you!
Donald freezes your spectral weapon.
Your spectral weapon shares its damage with you!
Your spectral weapon fades away.
Casting: Spectral Weapon
Confirm with . or Enter, or press ? or * to list all spells.
You draw out your weapon's spirit!
Donald says, "These orcs are so stupid, they must've eaten the rune."
Donald hits you with a long sword of freezing.
Some of the chunks of flesh in your inventory have rotted away.
You hit Donald.
Donald is severely wounded.
Donald blocks your spectral weapon's attack.
Donald hits you with a long sword of freezing!!!
Donald freezes you!
Donald hits you with a long sword of freezing!!
Donald freezes you.
You die...

## #### ### #.####
##..##...#
......##.........
#......#@........
.......(@.......#
#.##...#[##.#....
#.....[.#### .. .
##...).....# .
#............ #
#.................
.
#...###...$.......
. ##$#
##........... .


You could see Donald and a friendly spectral long sword of electrocution.

Vanquished Creatures
  Gastronok (Orc:1)
  Agnes (D:14)
  A stone giant (D:10)
  The ghost of archiater the Impaler, a journeyman MiBe of Trog (D:13)
  A yaktaur captain (D:15)
  A minotaur (Lab)
  6 hydras
  Harold (Lair:2)
  A catoblepas (Lair:6)
  3 centaur warriors
  17 two-headed ogres
  A death knight (D:14)
  2 dancing weapons (D:14)
  2 ogre magi (D:15)
  The ghost of gmrwt the Unseen, a journeyman SpEn of Dithmenos (D:13)
  A death yak (Lair:5)
  An orc high priest (Orc:1)
  A tengu warrior (D:15)
  A sun demon (Volcano)
  Sonja (D:11)
  A hell knight (Volcano)
  2 unseen horrors
  A wizard (D:15)
  A wolf spider zombie (D:15)
  2 orc knights (Orc:1)
  2 orc sorcerers (Orc:1)
  3 deep elf magi
  A manticore (shapeshifter) (D:13)
  4 cyclopes
  3 manticores
  9 ugly things
  2 black mambas
  6 elephants
  7 gargoyles
  Psyche (D:11)
  9 spiny frogs
  A rime drake (Lair:6)
  The ghost of chimenez the Chiller, a novice BaIE (D:6)
  A redback zombie (D:15)
  A kobold demonologist (D:15)
  A rime drake (shapeshifter) (D:14)
  A yaktaur (D:15)
  5 komodo dragons
  9 trolls
  2 tengu conjurers
  A queen bee (Lair:2)
  2 polar bears (Lair:6)
  A red devil (Volcano)
  11 slime creatures
  23 blink frogs
  4 hornets
  6 dream sheep
  9 hippogriffs
  13 spriggans
  3 shadows
  34 yaks
  5 wyverns
  4 wraiths (Orc:1)
  A yak (shapeshifter) (D:14)
  A vampire (D:11)
  Grum (D:9)
  A human (D:10)
  4 basilisks
  6 hungry ghosts
  2 vampire mosquitoes (D:15)
  2 steam dragons
  A soldier ant (D:10)
  3 wargs (D:10)
  8 swamp worms (Lair:4)
  14 water moccasins
  A hell hound (Volcano)
  3 nagas (Lair:4)
  An acid dragon (D:11)
  A porcupine (Lair:5)
  3 ice beasts
  2 eyes of draining
  22 orc warriors
  A phantom (D:5)
  5 boggarts (Lair:6)
  4 sky beasts
  4 black bears (Lair:6)
  3 necrophages
  The ghost of gmrwt the Changer, an amateur DrTm (D:3)
  35 wolves
  17 ogres
  14 centaurs
  7 crocodiles
  A big kobold (D:8)
  15 bullfrogs
  2 scorpions
  34 killer bees
  15 wights
  2 howler monkeys
  4 crimson imps
  4 centaur zombies
  7 hounds
  2 quasits
  4 bullfrog skeletons
  20 orc priests
  6 jellies
  4 centaur skeletons
  3 hell rats (Lair:2)
  3 iguanas
  23 orc wizards
  12 worker ants
  A killer bee zombie (D:9)
  A hound zombie (D:6)
  2 hound skeletons
  A worker ant zombie (D:7)
  3 gnolls
  5 adders
  4 shadow imps
  13 oozes
  An adder zombie (D:7)
  An adder skeleton (D:4)
  11 worms (Lair:4)
  3 dart slugs (D:1)
  9 leopard geckos
  71 orcs
  2 ball pythons
  7 giant cockroaches
  8 goblins
  10 hobgoblins
  2 jackals (D:11)
  15 kobolds
  5 quokkas
  10 bats
  4 frilled lizards
  2 leopard gecko skeletons
  5 rats
  A plant (D:9)
  3 spectral weapons
766 creatures vanquished.

Vanquished Creatures (collateral kills)
  An orc wizard (D:14)
1 creature vanquished.

Vanquished Creatures (others)
  A centaur (D:14)
  An orc (D:14)
  3 fungi
  2 plants (Lair:4)
  20 spectral weapons
  7 toadstools (D:3)
34 creatures vanquished.

Grand Total: 801 creatures vanquished

Notes
Turn   | Place    | Note
-------+----------+-------------------------------------------
     0 | D:1      | DildoBatman the Formicid Enchanter began the quest for the Orb.
     0 | D:1      | Reached XP level 1. HP: 13/13 MP: 3/3
   294 | D:1      | Reached skill level 1 in Fighting
   391 | D:1      | Reached XP level 2. HP: 18/22 MP: 3/5
   868 | D:1      | Reached XP level 3. HP: 23/28 MP: 4/6
   873 | D:1      | Learned a level 3 spell: Confuse
  1724 | D:2      | Reached XP level 4. HP: 34/35 MP: 4/7
  1767 | D:2      | Reached skill level 1 in Armour
  1782 | D:3      | Noticed gmrwt's ghost (amateur DrTm)
  2677 | D:3      | Reached XP level 5. HP: 40/41 MP: 6/8
  3161 | D:4      | Noticed an ogre
  3166 | D:4      | Found a staircase to the Ecumenical Temple.
  3176 | Temple   | Entered the Ecumenical Temple
  3311 | Temple   | Became a worshipper of Sif Muna the Loreminder
  3474 | D:5      | Entered Level 5 of the Dungeon
  3480 | D:5      | Noticed a sky beast
  4114 | D:3      | Reached skill level 4 in Hexes
  4165 | D:3      | Reached XP level 6. HP: 32/47 MP: 8/10
  4555 | D:4      | Reached skill level 5 in Hexes
  4902 | D:4      | Killed a sky beast
  4902 | D:4      | Reached skill level 6 in Hexes
  4957 | D:4      | Reached XP level 7. HP: 51/52 MP: 7/11
  5167 | D:4      | Reached * piety under Sif Muna
  5167 | D:4      | Reached skill level 7 in Hexes
  5572 | D:5      | Learned a level 2 spell: Slow
  5635 | D:5      | Reached skill level 8 in Hexes
  5980 | D:5      | Reached XP level 8. HP: 49/58 MP: 11/13
  6160 | D:5      | Found Mynkahu's Armour Shop.
  6661 | D:6      | Noticed chimenez's ghost (novice BaIE)
  6702 | D:6      | Reached skill level 9 in Hexes
  6929 | D:6      | You fall through a shaft!
  7045 | D:7      | Reached ** piety under Sif Muna
  7045 | D:7      | Reached skill level 10 in Hexes
  7202 | D:7      | Reached XP level 9. HP: 37/65 MP: 0/15
  7438 | D:7      | Got a smoking shield
  8143 | D:8      | Noticed a hippogriff
  8166 | D:8      | Killed a hippogriff
  8166 | D:8      | Reached skill level 5 in Stealth
  8283 | D:8      | Reached skill level 5 in Fighting
  8419 | D:8      | Reached skill level 5 in Spellcasting
  8809 | D:8      | Reached skill level 11 in Hexes
  9366 | D:9      | Found a glowing silver altar of Zin.
  9366 | D:9      | Noticed an angel
  9367 | D:9      | Found a runed door.
  9430 | D:9      | HP: 1/69 [yak (10)]
  9431 | D:9      | Reached XP level 10. HP: 2/76 MP: 13/17
  9862 | D:9      | Noticed Grum
  9892 | D:9      | Killed Grum
  9892 | D:9      | Reached skill level 12 in Hexes
  9897 | D:9      | Reached *** piety under Sif Muna
 10008 | D:9      | Found a staircase to the Lair.
 10060 | D:9      | Found a shattered altar of Ashenzari.
 10832 | D:9      | Reached skill level 5 in Armour
 11258 | D:10     | Entered Level 10 of the Dungeon
 11468 | D:10     | Noticed a two-headed ogre
 11519 | D:10     | Killed a two-headed ogre
 11519 | D:10     | Reached skill level 13 in Hexes
 11519 | D:10     | Reached XP level 11. HP: 56/83 MP: 13/20
 11704 | D:3      | Killed gmrwt's ghost
 11862 | D:6      | Killed chimenez's ghost
 11862 | D:6      | Reached **** piety under Sif Muna
 11862 | D:6      | Reached skill level 14 in Hexes
 11868 | D:6      | Identified the +6 shield of Vampiric Thralls {Dex+4} (You found it on level 7 of the Dungeon)
 11969 | D:10     | Reached skill level 1 in Shields
 12151 | D:10     | Noticed an unseen horror
 12165 | D:10     | Killed an unseen horror
 12212 | D:10     | Reached skill level 5 in Shields
 12249 | D:10     | Noticed a two-headed ogre
 12264 | D:10     | Killed a two-headed ogre
 12285 | D:10     | Found a staircase to the Orcish Mines.
 13493 | D:11     | Noticed a manticore
 13520 | D:11     | Killed a manticore
 13530 | D:11     | Reached XP level 12. HP: 74/89 MP: 9/21
 13574 | D:11     | Noticed Psyche
 13818 | D:11     | Noticed Sonja
 13832 | D:11     | Killed Sonja
 14055 | D:11     | Killed Psyche
 15140 | D:12     | Noticed an unseen horror
 15171 | D:12     | Killed an unseen horror
 15171 | D:12     | Reached ***** piety under Sif Muna
 15304 | D:13     | Reached skill level 10 in Shields
 15388 | D:13     | Identified Sif Muna's Tome of Enthralling Calling (Sif Muna gifted it to you on level 13 of the Dungeon)
 15388 | D:13     | Received a gift from Sif Muna
 15396 | D:13     | Learned a level 3 spell: Spectral Weapon
 15412 | D:13     | Reached skill level 15 in Hexes
 15483 | D:13     | Got a shimmering arbalest
 15528 | D:13     | Noticed a centaur warrior
 15540 | D:13     | Killed a centaur warrior
 15540 | D:13     | Reached skill level 1 in Charms
 15595 | D:13     | Got a bloodstained scale mail
 15677 | D:13     | Noticed gmrwt's ghost (journeyman SpEn)
 15712 | D:14     | Noticed a four-headed hydra
 15767 | D:14     | Identified the +1 scale mail "Dohoi" {+Blink rN+ Dex+4} (You found it on level 13 of the Dungeon)
 15800 | D:14     | Identified the +7 arbalest of Red Wine {elec, rF+ rC+ MP+9 Int-3} (You found it on level 13 of the Dungeon)
 15847 | D:14     | Noticed Agnes
 15850 | D:14     | Noticed a death knight
 15860 | D:14     | Found a labyrinth entrance.
 15868 | Lab      | Entered a labyrinth
 15997 | Lab      | Reached XP level 13. HP: 69/98 MP: 20/23
 16740 | Lab      | Noticed a minotaur
 16799 | Lab      | Killed a minotaur
 16799 | Lab      | Reached skill level 16 in Hexes
 16812 | Lab      | Found the +9 heavy crossbow "Sniper" {velocity, Acc+∞ SInv}
 16813 | Lab      | Got a pair of ichor-stained boots
 16813 | Lab      | Got a shimmering scale mail
 16840 | Lab      | Identified the cursed +0 pair of boots "Exuidesu" {Regen+} (You found it in a labyrinth)
 16860 | Lab      | Identified the +6 scale mail of Diacwono {MR+ Str+4} (You found it in a labyrinth)
 16910 | D:13     | Killed gmrwt's ghost
 16927 | D:13     | Noticed archiater's ghost (journeyman MiBe)
 17050 | Lair:1   | Entered Level 1 of the Lair of Beasts
 17787 | Lair:1   | Reached skill level 1 in Crossbows
 17885 | Lair:1   | Paralysed by fainting for 7 turns
 18278 | Lair:2   | Noticed Harold
 18303 | Lair:2   | Killed Harold
 18612 | Lair:2   | Noticed a four-headed hydra
 18635 | Lair:2   | Killed a four-headed hydra
 18915 | Lair:2   | Reached skill level 17 in Hexes
 18957 | Lair:2   | Received a gift from Sif Muna
 18970 | Lair:2   | Learned a level 5 spell: Silence
 20189 | Lair:3   | Reached XP level 14. HP: 88/106 MP: 22/25
 20217 | Lair:3   | You fall through a shaft!
 20335 | Lair:3   | Reached skill level 1 in Air Magic
 20373 | Lair:3   | Found a staircase to the Shoals.
 21014 | Lair:4   | Found a shimmering altar of Xom.
 21296 | Lair:4   | Reached skill level 5 in Dodging
 21644 | Lair:4   | Found a staircase to the Snake Pit.
 21745 | Lair:4   | Reached skill level 5 in Crossbows
 22167 | Lair:5   | Found a staircase to the Slime Pits.
 22231 | Lair:5   | Identified Sif Muna's Tome of Hexes (Sif Muna gifted it to you on level 5 of the Lair of Beasts)
 22231 | Lair:5   | Received a gift from Sif Muna
 22247 | Lair:5   | Got a translucent scale mail
 22277 | Lair:5   | Identified the +6 scale mail of the Swan {*Slow Str+4} (You found it on level 5 of the Lair of Beasts)
 22300 | Lair:5   | Learned a level 6 spell: Invisibility
 22626 | Lair:6   | Entered Level 6 of the Lair of Beasts
 22722 | Lair:6   | Reached skill level 18 in Hexes
 23368 | Lair:6   | Reached XP level 15. HP: 90/112 MP: 23/26
 23378 | Lair:6   | Reached skill level 19 in Hexes
 24462 | Orc:1    | Entered Level 1 of the Orcish Mines
 24462 | Orc:1    | Noticed Gastronok
 24471 | D:10     | Identified Sif Muna's Guide on Venom and Beguiling (Sif Muna gifted it to you on level 10 of the Dungeon)
 24471 | D:10     | Received a gift from Sif Muna
 24553 | Orc:1    | Noticed a stone giant
 24577 | Orc:1    | Found a dark tunnel.
 24587 | Volcano  | Entered a volcano
 24984 | D:10     | Killed a stone giant
 24984 | D:10     | Reached skill level 20 in Hexes
 25383 | Orc:1    | Killed Gastronok
 25383 | Orc:1    | Reached skill level 1 in Evocations
 25836 | Orc:2    | Entered Level 2 of the Orcish Mines
 25875 | Orc:2    | Noticed Donald
 25910 | Orc:2    | Found Qamir's Antique Armour Boutique.
 26249 | D:9      | Learned a level 3 spell: Portal Projectile
 26340 | D:13     | Killed archiater's ghost
 26340 | D:13     | Reached skill level 5 in Charms
 27133 | D:14     | Killed Agnes
 27398 | D:14     | Found a gate to the Vaults.
 27715 | D:15     | Entered Level 15 of the Dungeon
 27848 | D:14     | Reached XP level 16. HP: 36/120 MP: 19/28
 28480 | D:15     | Received a gift from Sif Muna
 28643 | D:15     | Found Puceont's General Store.
 29023 | D:15     | Reached skill level 10 in Fighting
 29148 | D:15     | Found a staircase to the Depths.
 29161 | D:15     | Reached skill level 10 in Stealth
 30012 | Orc:2    | HP: 2/122 [Donald/long sword of freezing (27)]
 30012 | Orc:2    | Slain by Donald

Skill      XL: |  1  2  3  4  5  6  7  8  9 10 11 12 13 14 15 16 |
---------------+-------------------------------------------------+-----
Fighting       | 1 2 3 4 6 7 8 9 10 | 10.1
Dodging        | 2 3 4 5 |  5.1
Armour         | 2 3 4 5 6 7 8 |  8.5
Stealth        | 4 5 6 7 8 9 10 | 10.1
Hexes          | 4 6 8 10 11 13 14 15 17 18 20 | 20.0
Spellcasting   | 3 4 5 6 7 8 9 |  9.1
Shields        | 9 10 | 10.0
Charms         | 3 4 5 6 |  6.4
Crossbows      | 4 5 6 |  6.6
Air Magic      | 2 3 4 |  4.2
Evocations     | 3 4 |  4.6
Short Blades   | |  1.0

Action                   |  1- 3 |  4- 6 |  7- 9 | 10-12 | 13-15 | 16-18 || total
-------------------------+-------+-------+-------+-------+-------+-------++-------
Melee: Dagger            |   135 |   250 |    12 |    10 |    29 |       ||   436
       Mace              |       |    12 |   170 |       |       |       ||   182
       Falchion          |       |       |    16 |       |       |       ||    16
       Flail             |       |       |   201 |   787 |   348 |    21 ||  1357
       Quarterstaff      |       |       |       |       |   694 |   222 ||   916
       Dire flail        |       |       |       |       |    18 |       ||    18
       Long sword        |       |       |       |       |       |    21 ||    21
 Fire: Heavy crossbow    |       |       |       |       |     5 |       ||     5
 Cast: Corona            |    19 |    40 |    57 |    37 |       |       ||   153
       Confuse           |       |     5 |    56 |   157 |    78 |    47 ||   343
       Slow              |       |       |    11 |    57 |    56 |    19 ||   143
       Spectral Weapon   |       |       |       |     9 |   155 |    43 ||   207
       Invisibility      |       |       |       |       |     3 |     1 ||     4
       Portal Projectile |       |       |       |       |     1 |       ||     1
 Abil: Dig               |       |    13 |     5 |    55 |    47 |     7 ||   127
Evoke: Phantom mirror    |       |       |       |       |     1 |       ||     1
  Use: Scroll            |       |       |       |     9 |     5 |       ||    14
       Potion            |       |       |       |     3 |     3 |       ||     6
 Stab: Sleeping          |     1 |     5 |     5 |     2 |     2 |       ||    15
       Confused          |       |     3 |    14 |    69 |    30 |    19 ||   135
       Distracted        |       |       |     1 |       |    11 |     5 ||    17
       Invisible         |       |       |       |       |     8 |       ||     8
       Petrified         |       |       |       |       |     4 |       ||     4
  Eat: Chunk             |     3 |    11 |    18 |    43 |    38 |     9 ||   122
       Ration            |       |     1 |     1 |       |     3 |       ||     5
Armor: Robe              |     1 |       |       |       |       |       ||     1
       Scale mail        |    72 |   104 |       |       |   370 |    58 ||   604
       Ring mail         |       |    36 |   138 |    19 |       |       ||   193
       Acid dragon scale |       |       |       |    11 |       |       ||    11
       Troll leather arm |       |       |       |   115 |     4 |       ||   119
Dodge: Dodged            |    91 |   168 |   228 |   340 |   521 |    83 ||  1431
Block: Shield            |       |       |       |   248 |  1263 |   233 ||  1744
       Rpst.: Falchion   |       |       |     3 |       |       |       ||     3
       Long sword        |       |       |       |       |       |     4 ||     4
